 Dungeon Crawl Stone Soup version 0.28.0-53-g5a82cb258f (webtiles) character file.

Game seed: 17472328756592465838

364 Sin92 the Chiller (level 6, 0/46 HPs)
             Began as a Demonspawn Ice Elementalist on July 25, 2022.
             Was an Initiate of Okawaru.
             Slain by a gnoll
             ... wielding a +0 spear
              (4 damage)
             ... on level 5 of the Dungeon.
             The game lasted 00:09:49 (5538 turns).

Sin92 the Chiller (Demonspawn Ice Elementalist)     Turns: 5538, Time: 00:09:49

Health: 0/46       AC:  3    Str: 10    XL:     6   Next: 39%
Magic:  9/9        EV: 13    Int: 17    God:    Okawaru [......]
Gold:   255        SH:  0    Dex: 19    Spells: 3/10 levels left

rFire   . . .      SeeInvis .   k - +2 whip (flame)
rCold   . . .      Faith    .   (no shield)
rNeg    . . .      Spirit   .   a - +0 robe
rPois   .          Reflect  .   (no helmet)
rElec   .          Harm     .   d - +0 cloak
rCorr   .          Rampage  .   (no gloves)
Will    .....                   (no boots)
Stlth   +.........              (no amulet)
HPRegen 0.15/turn               b - +6 ring of dexterity
MPRegen 0.22/turn               (no ring)

@: confused, lethally poisoned (0 -> -3), ambrosia-drunk, very slightly
contaminated
A: ignite blood 2, magic regeneration, demonic touch 1
a: Renounce Religion


You were on level 5 of the Dungeon.
You worshipped Okawaru.
Okawaru was noncommittal.
You visited 2 branches of the dungeon, and saw 6 of its levels.

You collected 255 gold pieces.

Inventory:

Hand Weapons
 c - a +0 mace
 i - a +0 mace of protection
 k - a +2 whip of flaming (weapon)
Armour
 a - a +0 robe (worn)
 d - a +0 cloak (worn)
 h - a +1 scale mail
Jewellery
 b - a +6 ring of dexterity (left hand)
 q - a ring of wizardry
Scrolls
 j - a scroll of teleportation
Potions
 e - a potion of mutation
 g - a potion of flight
 l - 2 potions of attraction
 n - a potion of degeneration
 o - a potion of magic


   Skills:
 + Level 2.8 Fighting
 + Level 2.5 Maces & Flails
 + Level 1.1 Armour
 - Level 3.0 Dodging
 - Level 3.0 Stealth
 + Level 2.6 Spellcasting
 + Level 4.0 Ice Magic


You had 3 spell levels left.
You knew the following spells:

 Your Spells              Type           Power      Damage    Failure   Level
a - Freeze                Ice            60%        1d8       3%          1
b - Frozen Ramparts       Ice            30%        1d5       11%         3
c - Ozocubu's Armour      Ice            15%        N/A       11%         3

Your spell library contained the following spells:

 Spells                   Type           Power      Damage    Failure   Level
 Static Discharge         Conj/Air       2%         N/A       28%         2
 Gell's Gravitas          Tloc           2%         N/A       50%         3
 Portal Projectile        Hex/Tloc       4%         N/A       50%         3
 Hailstorm                Conj/Ice       9%         3d4       63%         4


Dungeon Overview and Level Annotations

Branches:
Dungeon (5/15)             Temple (1/1) D:4

Altars:
Ashenzari
Cheibriados
Dithmenos
Elyvilon
Gozag
Hepliaklqana
Kikubaaqudgha
Makhleb
Nemelex Xobeh
Okawaru
Qazlal
Ru
Sif Muna
Trog
Uskayaw
Vehumet
Wu Jian
Xom
Yredelemnul
Zin
The Shining One


Innate Abilities, Weirdness & Mutations

Your demonic aura often causes spilled blood to erupt in flames.
You regenerate magic rapidly.
Your touch may inflict minor irresistible damage on your foes.


Message History

You kill the gnoll!
Okawaru accepts your kill.
* * * LOW HITPOINT WARNING * * *
You feel very sick.
The gnoll hits you from afar with a +0 spear!
* * * LOW HITPOINT WARNING * * *
You are confused.
You feel invigorated.
* * * LOW HITPOINT WARNING * * *
You feel very sick.
The gnoll hits you from afar with a +0 spear.
* * * LOW HITPOINT WARNING * * *
Unknown command.
* * * LOW HITPOINT WARNING * * *
You feel sick.
The gnoll hits you from afar with a +0 spear.
* * * LOW HITPOINT WARNING * * *
The gnoll closely misses you.
Things that are here:
a +0 spear of venom; a gnoll corpse You barely miss the gnoll.
You touch the gnoll.
The gnoll is moderately wounded.
* * * LOW HITPOINT WARNING * * *
You feel sick. The gnoll barely misses you. The gnoll hits you with a +0 spear.
* * * LOW HITPOINT WARNING * * *
Unknown command.
You hit the gnoll but do no damage.
You touch the gnoll.
The gnoll is heavily wounded.
You feel less invigorated.
You feel less confused.
* * * LOW HITPOINT WARNING * * *
You feel sick. The gnoll closely misses you.
The gnoll hits you with a +0 spear.
* * * LOW HITPOINT WARNING * * *
You are confused.
You feel invigorated.
* * * LOW HITPOINT WARNING * * *
You feel sick.
The gnoll hits you from afar with a +0 spear.
You die...

#.######.#
#........######
#######.......#
#...###.## #...# #...
#...###### #...#.....
..##.##########.###.###.
....ggg@................
...#.#################..
#.# #.. ###


You could see 3 gnolls.

Vanquished Creatures
  A water moccasin skeleton (D:4)
  A hound (D:4)
  2 orc priests (D:4)
  Crazy Yiuf (D:3)
  2 orc wizards (D:4)
  4 gnolls (D:5)
  2 adders
  An ufetubus (D:4)
  2 worms
  An orc (D:4)
  6 ball pythons
  4 bats
  13 endoplasms
  6 giant cockroaches
  9 goblins
  7 hobgoblins
  7 kobolds
  4 quokkas
  4 frilled lizards
  9 rats
86 creatures vanquished.

Notes
Turn   | Place    | Note
-------+----------+-------------------------------------------
     0 | D:1      | Sin92 the Demonspawn Ice Elementalist began the quest for
                  | the Orb.
     0 | D:1      | Reached XP level 1. HP: 13/13 MP: 3/3
     2 | D:1      | Noticed an ogre
     2 | D:1      | Noticed a vampire
     4 | D:1      | Noticed an octopode
     4 | D:1      | Noticed a gargoyle
     8 | D:1      | Noticed a merfolk
    11 | D:1      | Noticed a demigod
    13 | D:1      | Noticed a naga
    13 | D:1      | Noticed an elf
    15 | D:1      | Noticed a troll
    15 | D:1      | Noticed a draconian
    17 | D:1      | Noticed a spriggan
    17 | D:1      | Noticed a vine stalker
    19 | D:1      | Noticed a tengu
    21 | D:1      | Noticed a ghoul
    21 | D:1      | Noticed a minotaur
    23 | D:1      | Noticed a formicid
    23 | D:1      | Noticed a felid
    25 | D:1      | Noticed a demonspawn
    25 | D:1      | Noticed a dwarf
    27 | D:1      | Noticed a human
   161 | D:1      | Gained mutation: Your touch may inflict minor irresistible
                  | damage on your foes. [demonic ancestry]
   161 | D:1      | Reached XP level 2. HP: 9/20 MP: 1/5
   922 | D:1      | Reached skill level 1 in Fighting
   989 | D:1      | Reached skill level 1 in Maces & Flails
  1053 | D:1      | Gained mutation: Your demonic aura sometimes causes spilled
                  | blood to erupt in flames. [demonic ancestry]
  1053 | D:1      | Reached XP level 3. HP: 26/26 MP: 6/6
  1155 | D:1      | Found a faded altar of an unknown god.
  1999 | D:2      | Gained mutation: You regenerate magic rapidly. [demonic
                  | ancestry]
  1999 | D:2      | Reached XP level 4. HP: 30/32 MP: 7/7
  2572 | D:3      | Found a runed translucent door.
  2573 | D:3      | Noticed Crazy Yiuf
  3094 | D:3      | Killed Crazy Yiuf
  3336 | D:4      | Gained mutation: Your demonic aura often causes spilled
                  | blood to erupt in flames. [demonic ancestry]
  3336 | D:4      | Reached XP level 5. HP: 19/38 MP: 6/8
  3601 | D:4      | Found the +7 staff of the Meek {protect, meekguard}
  3900 | D:4      | Reached XP level 6. HP: 38/46 MP: 9/9
  4354 | D:4      | Found a staircase to the Ecumenical Temple.
  4465 | D:4      | Got the Catalogue of Warped Air
  4616 | Temple   | Entered the Ecumenical Temple
  4914 | Temple   | Became a worshipper of Warmaster Okawaru
  4948 | D:5      | Entered Level 5 of the Dungeon
  5005 | D:5      | Learned a level 3 spell: Frozen Ramparts
  5009 | D:5      | Learned a level 3 spell: Ozocubu's Armour
  5021 | D:5      | Reached skill level 1 in Armour
  5026 | D:5      | Reached skill level 4 in Ice Magic
  5533 | D:5      | HP: 2/46 [gnoll/+0 spear (7)]
  5538 | D:5      | Slain by a gnoll

Illustrated notes

Levels and vault maps discovered:
D:1:      kb_arrival_jail, layout_loops_ring,
          shapermc_ecumenical_altar_notcrosses
D:2:      layout_rooms, st_stairs_2
D:3:      layout_basic, hangedman_feature_mirror, uniq_crazy_yiuf_cottage
D:4:      layout_rooms, temple_green, st_stairs_11, dk_noncrumbling_3,
          grunt_decor_one_mirror, minmay_misc_feat_doors,
          kennysheep_decorative_pillar, dk_noncrumbling_2, serial_park_tiny_1
D:5:      layout_basic
Temple:   regret_index_temple_sigil_plot

Skill      XL: |  1  2  3  4  5  6 |
---------------+-------------------+-----
Stealth        | 2 3 |  3.0
Dodging        | 2 3 |  3.0
Fighting       | 1 2 |  2.8
Maces & Flails | 1 2 |  2.5
Armour         | 1 |  1.1
Ice Magic      | 4 |  4.0
Spellcasting   | |  2.6

Action                   |  1- 3 |  4- 6 || total
-------------------------+-------+-------++-------
Melee: Mace              |    66 |       ||    66
       Unarmed           |     1 |       ||     1
       Touch             |    13 |    29 ||    42
       Whip              |       |    96 ||    96
       Punch             |       |     1 ||     1
 Cast: Freeze            |    32 |    11 ||    43
       Frozen Ramparts   |       |     2 ||     2
  Use: Scroll            |     4 |    10 ||    14
       Potion            |       |     5 ||     5
 Stab: Sleeping          |     8 |     6 ||    14
       Distracted        |       |     1 ||     1
Armor: Robe              |    20 |    20 ||    40
Dodge: Dodged            |    63 |    56 ||   119
